 Dungeon Crawl Stone Soup version 0.31-a0-845-g9abc20d24f (webtiles) character file.

Game seed: 8233501056897653386

247646 vaaraton the Archmage (level 18, -9/88 HPs)
             Began as a Deep Elf Conjurer on Oct 2, 2023.
             Was the Champion of Vehumet.
             Mangled by a deep elf blademaster
             ... wielding the +9 lajatang "Wiwouste" {flame, *Slow rElec Str+6 Int+3}
              (13 damage)
             ... on level 1 of the Depths on Oct 3, 2023.
             The game lasted 04:03:23 (60629 turns).

vaaraton the Archmage (Deep Elf Conjurer)          Turns: 60629, Time: 04:03:25

Health: -9/88      AC: 16    Str:  7    XL:     18   Next: 82%
Magic:  38/51      EV: 18    Int: 32    God:    Vehumet [******]
Gold:   2035       SH:  0    Dex: 13    Spells: 31/71 levels left

rFire   + + .        i - staff of cold
rCold   + . .        d - orb {*channel}
rNeg    . . .        I - +4 steam dragon scales
rPois   +            V - +0 helmet "Fealadd" {Str+3}
rElec   .            M - +2 cloak
rCorr   .            (no gloves)
SInv    .            y - +2 pair of boots
Will    +....        k - amulet of the acrobat
Stlth   ++++         x - ring of flight
HPRegen 0.34/turn    m - ring "Taz Kuoty" {Wiz Drain rPois rF++}
MPRegen 0.32/turn

%: acrobat, wizardry (x1), channel magic (20%)
@: about to teleport, flying
A: sense surroundings 1, screaming 1
}: 2/15 runes: decaying, serpentine
a: Renounce Religion


You were on level 1 of the Depths.
You worshipped Vehumet.
Vehumet was exalted by your worship.
You visited 7 branches of the dungeon, and saw 32 of its levels.

You collected 3516 gold pieces.
You spent 1481 gold pieces at shops.

Inventory:

Missiles
 q - 7 throwing nets
Armour
 d - an orb of energy (worn)
 y - a +2 pair of boots (worn)
 I - +4 steam dragon scales (worn)
 M - a +2 cloak (worn)
 V - the +0 helmet "Fealadd" (worn) {Str+3}
   (You found it on level 4 of the Lair of Beasts)

   Str+3:     It affects your strength (+3).
Magical Staves
 i - a staff of cold (weapon)
Jewellery
 b - the ring "Wiana" {rF+ rCorr}
   (You found it on level 4 of the Snake Pit)

   [ring of resist corrosion]

   rF+:       It protects you from fire.
   rCorr:     It protects you from acid and corrosion.
 c - a ring of positive energy
 f - a ring of ice
 g - an amulet of guardian spirit
 k - an amulet of the acrobat (around neck)
 m - the ring "Taz Kuoty" (right hand) {Wiz Drain rPois rF++}
   (You bought it in a shop on level 3 of the Snake Pit)

   [ring of wizardry]

   Wiz:       It improves your spell success rate.
   rF++:      It greatly protects you from fire.
   rPois:     It protects you from poison Drain: It drains your maximum health
   when unequipped.
 s - a ring of protection from fire
 u - a ring of protection from cold
 w - a ring of ice
 x - a ring of flight (left hand)
 E - a +4 ring of protection
 T - a +6 ring of dexterity
 X - a ring of protection from cold
 Y - an amulet of regeneration
Wands
 h - a wand of polymorph (11)
 A - a wand of iceblast (53)
 G - a wand of paralysis (55)
 H - a wand of digging (23)
 R - a wand of mindburst (8)
Scrolls
 o - 5 scrolls of amnesia
 p - 13 scrolls of identify
 t - 3 scrolls of revelation
 C - 3 scrolls of teleportation
 D - 4 scrolls of enchant weapon
 F - 2 scrolls of fog
 L - 2 scrolls of brand weapon
 N - 3 scrolls of blinking
 Q - 2 scrolls of poison
 S - 4 scrolls of silence
 U - a scroll of enchant armour
 W - a scroll of summoning
Potions
 a - a potion of magic
 e - 2 potions of might
 j - 7 potions of curing
 l - 2 potions of lignification
 n - 3 potions of haste
 r - 3 potions of brilliance
 v - 3 potions of cancellation
 z - 5 potions of resistance
 B - 2 potions of heal wounds
 J - 10 potions of enlightenment
 O - 2 potions of mutation
 P - 3 potions of ambrosia


   Skills:
 - Level 1.2 Fighting
 * Level 13.5 Dodging
 - Level 9.0 Stealth
 O Level 27 Spellcasting
 - Level 16.0 Conjurations
 - Level 6.0 Hexes
 - Level 11.0 Necromancy
 - Level 5.0 Fire Magic
 + Level 16.4 Ice Magic
 - Level 5.0 Air Magic
 - Level 6.6 Earth Magic


You had 31 spell levels left.
You knew the following spells:

 Your Spells              Type           Power      Damage    Failure   Level
a - Magic Dart            Conj           100%       1d8       1%          1
b - Searing Ray           Conj           100%       2d8       1%          2
c - Fulminant Prism       Conj/Hex       42%        3d19      1%          4
d - Freezing Cloud        Conj/Ice/Air   55%        6-21      1%          5
e - Flame Wave            Conj/Fire      84%        2d18      1%          4
f - Simulacrum            Ice/Necr       57%        N/A       1%          6
g - Fireball              Conj/Fire      42%        3d17      1%          5
h - Ozocubu's Refrigerat  Ice            61%        4d21      1%          7
i - Bombard               Conj/Erth      43%        9d7       1%          6

Your spell library contained the following spells:

 Spells                   Type           Power      Damage    Failure   Level
 Polar Vortex             Ice            61%        12d8*     13%         9
 Ignition                 Fire           33%        3d10      50%         8
 Chain Lightning          Conj/Air       42%        3d56      63%         9
 Freeze                   Ice            100%       1d10      1%          1
 Sandblast                Erth           100%       2d20      1%          1
 Summon Small Mammal      Summ           100%       N/A       1%          1
 Cigotuvi's Dreadful Rot  Necr/Pois/Air  100%       N/A       1%          2
 Passwall                 Tmut/Erth      49%        N/A       1%          2
 Poisonous Vapours        Pois/Air       100%       N/A       1%          2
 Static Discharge         Conj/Air       100%       2-7/arc   1%          2
 Dazzling Flash           Conj/Hex       100%       N/A       1%          3
 Frozen Ramparts          Ice            100%       1d16      1%          3
 Hailstorm                Conj/Ice       100%       3d20      1%          3
 Ignite Poison            Fire/Tmut/Pois 52%        N/A       1%          3
 Mephitic Cloud           Conj/Pois/Air  73%        N/A       1%          3
 Ozocubu's Armour         Ice            100%       N/A       1%          3
 Sigil of Binding         Hex            69%        N/A       1%          3
 Stone Arrow              Conj/Erth      100%       3d13      1%          3
 Summon Guardian Golem    Hex/Summ       58%        N/A       1%          3
 Tukima's Dance           Hex            69%        N/A       1%          3
 Airstrike                Air            33%        2d(5-21)  1%          4
 Anguish                  Hex/Necr       39%        N/A       1%          4
 Brom's Barrelling Bould  Conj/Erth      86%        2d10      1%          4
 Cause Fear               Hex            34%        N/A       1%          4
 Iskenderun's Mystic Bla  Conj/Tloc      76%        2d15      1%          4
 Leda's Liquefaction      Hex/Erth       35%        N/A       1%          4
 Summon Ice Beast         Ice/Summ       97%        N/A       1%          4
 Agony                    Necr           85%        N/A       1%          5
 Borgnjor's Vile Clutch   Necr/Erth      39%        N/A       1%          5
 Iskenderun's Battlesphe  Conj           98%        2d14      1%          5
 Metabolic Englaciation   Hex/Ice        53%        N/A       1%          5
 Call Canine Familiar     Summ           43%        N/A       2%          3
 Animate Armour           Summ/Erth      100%       N/A       2%          4
 Dimensional Bullseye     Hex/Tloc       29%        N/A       2%          4
 Silence                  Hex/Air        34%        N/A       2%          5
 Summon Lightning Spire   Summ/Air       56%        N/A       3%          4
 Spellforged Servitor     Conj/Summ      38%        N/A       4%          7
 Lehudib's Crystal Spear  Conj/Erth      43%        10d10     8%          8
 Alistair's Intoxication  Tmut/Pois      28%        N/A       13%         5
 Eringya's Noxious Bog    Tmut/Pois      21%        4d6       16%         6
 Enfeeble                 Hex            34%        N/A       28%         7


Dungeon Overview and Level Annotations

Branches:
Dungeon (15/15)            Temple (1/1) D:4            Lair (5/5) D:8
  Swamp (4/4) Lair:3        Snake (4/4) Lair:2        Slime (0/5) Lair:4
    Orc (2/2) D:10            Elf (0/3) Orc:2        Vaults (0/5) D:13
 Depths (1/4) D:15

Altars:
Ashenzari
Cheibriados
Dithmenos
Elyvilon
Fedhas
Gozag
Hepliaklqana
Kikubaaqudgha
Makhleb
Nemelex Xobeh
Okawaru
Qazlal
Ru
Sif Muna
Trog
Uskayaw
Vehumet
Wu Jian
Xom
Yredelemnul
Zin
The Shining One
Jiyva
Lugonu

Shops:
D:5 *   D:7 [   D:8 *   Orc:2 *=:   Snake:1 (:=:   Snake:3 =![

Portals:
Hell: Depths:1
Abyss: Lair:5
Ziggurat: Depths:1
Trove: D:13 (show abyssal rune of Zot)

Annotations:
D:7 2 transporters, Opifex's ghost, novice DjMo
D:12 1 runed translucent door
D:15 Louise
Lair:2 1 runed translucent door, Nattfarinn's ghost, journeyman TrSh
Lair:3 exclusion: oklob plant
Snake:4 3 runed translucent doors, ouz's ghost, adept OpGl; temujin's ghost, adept DECj


Innate Abilities, Weirdness & Mutations

You passively map a small area around you.
You occasionally shout uncontrollably at your foes.


Message History

The deep elf master archer resists.
The deep elf master archer is lightly wounded.
The deep elf blademaster is lightly wounded.
Magical energy flows into your mind!
The deep elf blademaster closely misses your spriggan berserker simulacrum.
The deep elf blademaster hits your spriggan berserker simulacrum with the +9 lajatang "Wiwouste" {flame, *Slow rElec Str+6 Int+3}!!
The deep elf blademaster melts your spriggan berserker simulacrum!
The deep elf blademaster hits your spriggan berserker simulacrum with the +9 lajatang "Wiwouste" {flame, *Slow rElec Str+6 Int+3}!
The deep elf blademaster melts your spriggan berserker simulacrum!
The deep elf blademaster hits your spriggan berserker simulacrum with the +9 lajatang "Wiwouste" {flame, *Slow rElec Str+6 Int+3}!!
The deep elf blademaster melts your spriggan berserker simulacrum.
Your spriggan berserker simulacrum vaporises!
As you read the scroll of teleportation, it crumbles to dust.
You feel strangely unstable.
The deep elf blademaster misses your spriggan berserker simulacrum.
The deep elf blademaster hits your spriggan berserker simulacrum with the +9 lajatang "Wiwouste" {flame, *Slow rElec Str+6 Int+3}!!!
The deep elf blademaster melts your spriggan berserker simulacrum.
Your spriggan berserker simulacrum vaporises!
The deep elf master archer shoots an arrow.
The arrow hits you!!
Casting: Ozocubu's Refrigeration (dangerous; 1% risk of failure)
Confirm with . or Enter, or press ? or * to list all spells.
You feel a surge of power!
The heat is drained from your surroundings.
The deep elf master archer resists.
The deep elf master archer is lightly wounded.
The deep elf master archer shoots an arrow.
The arrow hits you.
The deep elf master archer shoots an arrow.
The arrow hits you!!
You feel much better.
The deep elf blademaster completely misses you.
The deep elf blademaster hits you with the +9 lajatang "Wiwouste" {flame, *Slow rElec Str+6 Int+3}!!
The deep elf blademaster burns you.
The deep elf blademaster hits you with the +9 lajatang "Wiwouste" {flame, *Slow rElec Str+6 Int+3}!!
* * * LOW HITPOINT WARNING * * *
The deep elf blademaster burns you.
* * * LOW HITPOINT WARNING * * *
The deep elf blademaster hits you with the +9 lajatang "Wiwouste" {flame, *Slow rElec Str+6 Int+3}!
You die...

###.####..........# *
###.####.........##
###.####.....#..##
.............####
###.####.......#
###.####.Z..###.#
###.####.#### #
###.####.#♣♣♣♣♣♣♣♣♣
....####....♣...@.♣♣
................e..♣♣
.^.............♣....♣
.........#♣♣♣♣♣♣♣.Ye♣
.........# ** ♣♣..♣
.........# * , .h..♣
.........#* .......
[........#*,......~~~~.♣
.........# .Y§...~~~♣♣


You could see a hellephant, a doom hound (can howl), a deep elf blademaster and
a deep elf master archer.

Vanquished Creatures
  Bai Suzhen (Snake:4)
  Jorgrun (Swamp:3)
  Agnes (D:14)
  Kirke (D:13)
  A fenstrider witch (Swamp:3)
  2 nagarajas
  A fire giant (D:15)
  3 ghouls (Swamp:1)
  2 eleionomae
  Josephine (D:14)
  A vault guard (D:13)
  2 shambling mangroves (Swamp:4)
  7 centaur warriors
  4 salamander tyrants (Snake:4)
  5 hydras
  A rakshasa (D:15)
  An ogre mage (D:15)
  2 boulder beetles
  2 ghost crabs
  A spriggan air mage (Depths:1)
  A catoblepas (D:8)
  An ironbound frostheart (D:13)
  A death knight (D:14)
  A two-headed ogre (D:11)
  5 naga warriors
  6 alligators
  An anaconda (Snake:3)
  4 death yaks
  A deep troll earth mage (Depths:1)
  3 thrashing horrors (Lair:5)
  6 orc high priests (Orc:2)
  A spriggan berserker (Depths:1)
  4 shock serpents
  5 naga sharpshooters
  Nergalle (Lair:3)
  Amaemon (Lair:3)
  2 salamander mystics
  A skyshark (Lair:5)
  4 skeletal warriors (D:14)
  3 spriggan druids
  7 sea snakes (Snake:3)
  A spriggan rider (Swamp:2)
  4 bog bodies (Swamp:1)
  4 swamp dragons
  A wizard (D:14)
  A deep elf archer (D:14)
  4 naga ritualists
  2 mana vipers
  An orc knight (D:14)
  3 deep elf pyromancers
  7 ugly things
  A shining eye (shapeshifter) (Lair:5)
  14 salamanders
  4 cyclopes
  4 manticores
  6 spectral spriggans (Swamp:1)
  10 elephants (Lair:5)
  3 guardian serpents
  30 black mambas
  8 naga magi
  A gargoyle (D:13)
  An orange demon (Lair:3)
  12 cane toads
  An unseen horror (D:12)
  A kobold demonologist (D:13)
  6 rime drakes
  9 komodo dragons
  A cane toad (shapeshifter) (D:13)
  Jeremiah (D:7)
  3 yaktaurs (D:13)
  A tengu conjurer (Depths:1)
  3 freezing wraiths (Swamp:1)
  3 trolls
  A bloated husk (Swamp:1)
  2 polar bears
  5 meliai
  6 hornets (Swamp:4)
  2 tyrant leeches
  A raiju (Lair:5)
  30 blink frogs
  Grinder (D:4)
  10 slime creatures
  3 dream sheep (Lair:5)
  A vampire (D:12)
  4 water elementals (D:12)
  A shadow (D:13)
  3 spriggans (Swamp:4)
  9 wraiths
  14 wyverns
  5 ynoxinuls (Lair:5)
  17 yaks
  5 humans
  A chaos spawn (Lair:5)
  3 hogs (D:13)
  14 basilisks
  A steam dragon (D:6)
  14 small abominations (Lair:5)
  3 vampire mosquitoes (D:12)
  Menkaure (D:7)
  Edmund (D:6)
  28 nagas
  5 swamp worms
  2 acid dragons
  8 wargs (Orc:2)
  2 large abominations (Lair:5)
  Duvessa (D:6)
  22 water moccasins
  23 orc warriors
  3 black bears
  3 swamp drakes
  2 ice beasts (D:5)
  3 sky beasts
  14 wolves
  11 ogres
  7 centaurs
  3 kobold brigands (D:9)
  10 bullfrogs
  A gnoll sergeant (D:9)
  8 scorpions
  Dowan (D:6)
  11 wights
  18 killer bees
  9 electric eels
  10 howler monkeys
  6 jellies
  10 hounds
  42 orc priests
  3 gnoll boudas
  13 hell rats
  A sleepcap (D:7)
  4 iguanas
  16 orc wizards
  Robin (D:2)
  11 gnolls
  9 adders
  2 shadow imps
  A white imp (D:6)
  A worm (D:3)
  4 dart slugs
  82 orcs
  12 ball pythons
  7 bats
  4 endoplasms
  7 giant cockroaches
  14 goblins
  14 hobgoblins
  2 jackals (D:3)
  7 quokkas
  2 frilled lizards
  13 kobolds
  9 rats
  4 butterflies (D:12)
914 creatures vanquished.

Vanquished Creatures (collateral kills)
  Asterion (Snake:4)
  2 sphinxes (Depths:1)
  A thorn hunter (Swamp:4)
  Aizul (Swamp:2)
  5 nagarajas
  Donald (Swamp:4)
  A very ugly thing (Depths:1)
  A stone giant (Depths:1)
  3 eleionomae (Swamp:2)
  9 bunyips
  4 spark wasps (Depths:1)
  A shambling mangrove (Swamp:4)
  2 ice dragons (Depths:1)
  A fire dragon (Depths:1)
  14 hydras
  A vault guard (D:13)
  A ghost crab (Swamp:1)
  3 centaur warriors
  10 alligators
  6 naga warriors
  A boulder beetle (D:13)
  2 anacondas
  3 two-headed ogres (D:15)
  3 deep troll shamans (Depths:1)
  2 deep troll earth magi (Depths:1)
  3 naga sharpshooters
  A shock serpent (Snake:3)
  3 salamander mystics (Snake:4)
  A skeletal warrior (D:14)
  A sea snake (Snake:3)
  4 deep trolls (Depths:1)
  A spriggan rider (Swamp:2)
  A goliath frog (Swamp:1)
  5 iron trolls (Depths:1)
  10 bog bodies
  A spriggan druid (Swamp:4)
  2 naga ritualists
  A wizard (Depths:1)
  7 swamp dragons
  2 mana vipers (Snake:1)
  4 ugly things (D:15)
  2 cyclopes
  2 will-o-the-wisps (Swamp:4)
  7 salamanders
  6 black mambas
  2 guardian serpents (Snake:4)
  7 naga magi
  A gargoyle (D:12)
  An unseen horror (D:13)
  6 hornets
  A meliai (D:14)
  A raiju (Lair:5)
  A dream sheep (Lair:5)
  4 tyrant leeches
  14 slime creatures
  A shadow (D:12)
  A centaur simulacrum (D:15)
  7 spriggans
  2 hogs (D:13)
  A yak (D:11)
  2 vampire mosquitoes (D:12)
  8 nagas
  4 swamp worms
  An orc warrior (D:14)
  5 swamp drakes
  5 centaurs
  A howler monkey (D:14)
  2 orcs (Orc:1)
  A butterfly (Swamp:4)
222 creatures vanquished.

Vanquished Creatures (others)
  3 bloated husks
  7 foxfires (Swamp:4)
  135 fulminant prisms
145 creatures vanquished.

Grand Total: 1281 creatures vanquished

Notes
Turn   | Place    | Note
-------+----------+-------------------------------------------
     0 | D:1      | vaaraton the Deep Elf Conjurer began the quest for the Orb.
     0 | D:1      | Reached XP level 1. HP: 10/10 MP: 6/6
   136 | D:1      | Reached XP level 2. HP: 15/15 MP: 5/8
   139 | D:1      | Learned a level 2 spell: Searing Ray
   501 | D:1      | Reached skill level 5 in Conjurations
   806 | D:2      | Reached XP level 3. HP: 19/19 MP: 2/9
  1417 | D:2      | Reached XP level 4. HP: 24/24 MP: 9/11
  1418 | D:2      | Noticed Robin
  1442 | D:2      | Killed Robin
  1443 | D:2      | Reached skill level 4 in Spellcasting
  2022 | D:2      | Found a faded altar of an unknown god.
  2417 | D:3      | Reached XP level 5. HP: 28/28 MP: 14/14
  2567 | D:3      | Learned a level 4 spell: Fulminant Prism
  2583 | D:3      | Reached skill level 5 in Spellcasting
  2585 | D:3      | Reached skill level 1 in Hexes
  3467 | D:4      | Found a staircase to the Ecumenical Temple.
  3474 | Temple   | Entered the Ecumenical Temple
  3509 | Temple   | Became a worshipper of Vehumet
  3560 | D:4      | Noticed Grinder
  3567 | D:4      | Killed Grinder
  3568 | D:4      | Reached skill level 6 in Spellcasting
  3568 | D:4      | Reached XP level 6. HP: 32/32 MP: 17/17
  3878 | D:4      | Reached XP level 7. HP: 36/36 MP: 18/18
  3922 | D:4      | Found a stormy altar of Qazlal.
  4122 | D:4      | Found a shadowy altar of Dithmenos.
  4181 | D:4      | Reached skill level 7 in Spellcasting
  4311 | D:5      | Entered Level 5 of the Dungeon
  4386 | D:5      | Found an ancient bone altar of Kikubaaqudgha.
  4504 | D:5      | Reached * piety under Vehumet
  4504 | D:5      | Offered knowledge of Kiss of Death by Vehumet.
  4800 | D:5      | Reached skill level 8 in Spellcasting
  4800 | D:5      | Reached XP level 8. HP: 41/41 MP: 22/22
  4962 | D:5      | Noticed a +0 dagger
  4962 | D:5      | Noticed a +0 short sword
  4962 | D:5      | Noticed a +0 short sword
  4963 | D:5      | Noticed a +0 spear
  4963 | D:5      | Noticed a +0 spear
  4963 | D:5      | Noticed a +0 falchion
  5121 | D:5      | Reached skill level 5 in Hexes
  5128 | D:5      | Reached skill level 9 in Spellcasting
  5320 | D:5      | Found a broken altar of Ashenzari.
  5484 | D:5      | Found a hide-covered altar of Uskayaw.
  5484 | D:5      | Noticed a +0 falchion
  5484 | D:5      | Noticed a +0 dagger
  5993 | D:5      | Found Yhuink's CLEARANCE SALE!.
  6001 | D:5      | Bought a potion of haste for 20 gold pieces
  6056 | D:5      | Learned a level 5 spell: Freezing Cloud
  6127 | D:6      | Reached skill level 10 in Spellcasting
  6127 | D:6      | Reached skill level 1 in Ice Magic
  6127 | D:6      | Reached XP level 9. HP: 42/45 MP: 13/25
  6141 | D:6      | Noticed Duvessa
  6152 | D:6      | Killed Duvessa
  6153 | D:6      | Reached skill level 1 in Air Magic
  6160 | D:6      | Noticed Dowan
  6498 | D:6      | Reached ** piety under Vehumet
  6498 | D:6      | Offered knowledge of Momentum Strike by Vehumet.
  7135 | D:6      | Noticed Edmund
  7142 | D:6      | Killed Edmund
  7290 | D:6      | Killed Dowan
  8068 | D:7      | Reached skill level 11 in Spellcasting
  8068 | D:7      | Reached skill level 10 in Conjurations
  8128 | D:7      | Noticed Menkaure
  8133 | D:7      | Killed Menkaure
  8326 | D:7      | Reached skill level 5 in Stealth
  8702 | D:7      | Found an opulent altar of Gozag.
  8702 | D:7      | Noticed Jeremiah
  8768 | D:7      | Reached XP level 10. HP: 50/50 MP: 27/27
  9206 | D:7      | Found a transporter.
  9208 | D:7      | Found a transporter.
  9210 | D:7      | Noticed Opifex's ghost (novice DjMo)
  9298 | D:7      | Found Wiel's Armour Boutique.
  9306 | D:7      | Bought a +2 cloak for 231 gold pieces
  9344 | D:7      | Killed Jeremiah
  9547 | D:7      | Reached skill level 5 in Dodging
 10103 | D:8      | Reached skill level 12 in Spellcasting
 10326 | D:8      | Offered knowledge of Inner Flame by Vehumet.
 10458 | D:8      | Found a staircase to the Lair.
 10613 | D:8      | Reached *** piety under Vehumet
 10976 | D:8      | Found Geis's General Store.
 11739 | D:9      | Noticed a centaur warrior
 12377 | D:9      | Found a sparkling altar of Nemelex Xobeh.
 12404 | D:9      | Killed a centaur warrior
 12546 | D:9      | Found a burning altar of Makhleb.
 12715 | D:9      | Reached skill level 13 in Spellcasting
 12879 | D:9      | Noticed a cyan ugly thing
 12886 | D:9      | Killed a cyan ugly thing
 12887 | D:9      | Reached skill level 5 in Ice Magic
 12969 | D:9      | Reached XP level 11. HP: 54/54 MP: 30/30
 13134 | D:9      | Offered knowledge of Volatile Blastmotes by Vehumet.
 13314 | D:9      | Found a stormy altar of Qazlal.
 13524 | D:9      | Found an ornate altar of the Wu Jian Council.
 13529 | D:9      | Found an iron altar of Okawaru.
 13740 | D:10     | Entered Level 10 of the Dungeon
 13962 | D:10     | Reached skill level 1 in Fighting
 15352 | D:10     | Reached skill level 5 in Air Magic
 16057 | D:10     | Found a staircase to the Orcish Mines.
 16088 | D:10     | Reached **** piety under Vehumet
 16440 | Orc:1    | Entered Level 1 of the Orcish Mines
 16572 | Lair:1   | Entered Level 1 of the Lair of Beasts
 16572 | Lair:1   | Noticed a catoblepas
 16609 | D:8      | Killed a catoblepas
 16610 | D:8      | Reached skill level 1 in Necromancy
 16717 | Lair:1   | Reached skill level 14 in Spellcasting
 16907 | Lair:1   | Offered knowledge of Flame Wave by Vehumet.
 17434 | D:8      | Learned a level 4 spell: Flame Wave
 18638 | Lair:1   | Reached skill level 15 in Spellcasting
 19481 | Lair:1   | Reached XP level 12. HP: 61/61 MP: 33/33
 20962 | Lair:2   | Found a runed translucent door.
 20963 | Lair:2   | Noticed Nattfarinn's ghost (journeyman TrSh)
 20964 | Lair:2   | Noticed a death yak
 21432 | Lair:2   | Noticed a four-headed hydra
 21443 | Lair:2   | Killed a four-headed hydra
 21444 | Lair:2   | Reached skill level 5 in Necromancy
 21693 | Lair:2   | Noticed a death yak
 21694 | Lair:2   | Noticed a death yak
 21694 | Lair:2   | Noticed a death yak
 21775 | Lair:2   | Noticed a death yak
 22891 | Lair:1   | Killed a death yak
 23144 | Lair:2   | Killed a death yak
 23145 | Lair:2   | Reached skill level 16 in Spellcasting
 23147 | Lair:2   | Killed a death yak
 23152 | Lair:2   | Killed a death yak
 23485 | Lair:2   | Found a staircase to the Snake Pit.
 24163 | Lair:3   | Noticed Nergalle
 24171 | Lair:3   | Killed Nergalle
 25014 | Lair:3   | Reached skill level 17 in Spellcasting
 25284 | Lair:3   | Reached ***** piety under Vehumet
 25311 | Lair:3   | Offered knowledge of Lee's Rapid Deconstruction by Vehumet.
 25364 | Lair:3   | Reached XP level 13. HP: 57/65 MP: 31/36
 26014 | Lair:3   | Learned a level 6 spell: Simulacrum
 26030 | Lair:3   | Noticed Amaemon
 26036 | Lair:3   | Killed Amaemon
 26037 | Lair:3   | Reached skill level 10 in Ice Magic
 26197 | Lair:3   | Found a blossoming altar of Fedhas.
 26231 | Lair:3   | Found a staircase to the Swamp.
 26231 | Lair:3   | Noticed an eleionoma
 28111 | Lair:4   | Found a runed translucent door.
 28111 | Lair:4   | Found a viscous altar of Jiyva.
 28113 | Lair:4   | Found a staircase to the Slime Pits.
 28259 | Lair:4   | Reached skill level 18 in Spellcasting
 28431 | Lair:4   | Identified the +0 helmet "Fealadd" {Str+3}
 28991 | Lair:5   | Entered Level 5 of the Lair of Beasts
 30266 | Lair:5   | Reached skill level 19 in Spellcasting
 30287 | Lair:5   | Gained mutation: You passively map a small area around you.
                  | [a shining eye]
 30289 | Lair:5   | Gained mutation: You occasionally shout uncontrollably at
                  | your foes. [a shining eye]
 31580 | Lair:5   | Offered knowledge of Fireball by Vehumet.
 31587 | Lair:5   | Learned a level 5 spell: Fireball
 32682 | Lair:5   | Identified the quicksilver dragon scales of the Unseen
                  | Realm {rElec rN+ Will+}
 32718 | Lair:5   | Reached XP level 14. HP: 70/70 MP: 39/39
 33279 | Lair:5   | HP: 3/70 [thrashing horror (17)]
 33890 | Lair:5   | Found a corrupted altar of Lugonu.
 33892 | Lair:5   | Found a one-way gate to the infinite horrors of the Abyss.
 34511 | Snake:1  | Entered Level 1 of the Snake Pit
 34520 | Snake:1  | Reached skill level 20 in Spellcasting
 34520 | Snake:1  | Reached skill level 1 in Fire Magic
 35697 | Snake:1  | Reached skill level 10 in Necromancy
 35928 | Snake:1  | Found Xiusuwk's Weapon Emporium.
 35989 | Snake:1  | Found Kighaazxett's Book Boutique.
 35990 | Snake:1  | Found Iwalum Raem's Jewellery Emporium.
 35991 | Snake:1  | Found Xychyol's Book Boutique.
 35997 | Snake:1  | Bought Ozocubu's Autobiography for 384 gold pieces
 36005 | Snake:1  | Learned a level 7 spell: Ozocubu's Refrigeration
 36263 | Snake:2  | Noticed a nagaraja
 36446 | Snake:2  | Killed a nagaraja
 36516 | Snake:2  | Reached skill level 21 in Spellcasting
 37490 | Snake:3  | Reached XP level 15. HP: 70/74 MP: 6/42
 37731 | Snake:3  | Found Igaizxo's Distillery.
 37731 | Snake:3  | Found Hynguf's Jewellery Shoppe.
 37733 | Snake:3  | Found Exiririn's Antique Weapon Shoppe.
 37735 | Snake:3  | Found Waidwef's Antique Armour Emporium.
 37758 | Snake:3  | Bought the ring "Taz Kuoty" {Wiz Drain rPois rF++} for 584
                  | gold pieces
 37800 | Snake:3  | Offered knowledge of Starburst by Vehumet.
 38186 | Snake:3  | Noticed a nagaraja
 38190 | Snake:3  | Killed a nagaraja
 38191 | Snake:3  | Reached skill level 22 in Spellcasting
 39012 | Snake:3  | Identified the +2 ring mail of Cohome {rElec rF+}
 40209 | Orc:1    | Reached skill level 5 in Fire Magic
 40323 | Orc:1    | Learned a level 6 spell: Bombard
 40444 | Orc:1    | Offered knowledge of Conjure Ball Lightning by Vehumet.
 41103 | Orc:2    | Entered Level 2 of the Orcish Mines
 41639 | Orc:2    | Reached skill level 23 in Spellcasting
 42690 | Orc:2    | Found Zotraluog's Book Emporium.
 42690 | Orc:2    | Found Miydewk's Jewellery Boutique.
 42970 | Orc:2    | Found Qasiady's Assorted Antiques.
 42970 | Orc:2    | Found Lehumum's Assorted Antiques.
 42996 | Orc:2    | Found a staircase to the Elven Halls.
 43447 | Orc:2    | Found a bloodstained altar of Trog.
 43805 | Snake:3  | Bought a pair of embroidered boots for 262 gold pieces
 43835 | Snake:4  | Entered Level 4 of the Snake Pit
 43883 | Snake:4  | Noticed Asterion
 43892 | Snake:4  | Noticed an Executioner
 44086 | Snake:4  | Offered knowledge of Arcjolt by Vehumet.
 44088 | Snake:4  | Killed Asterion
 44272 | Snake:4  | Identified the ring "Wiana" {rF+ rCorr}
 44303 | Snake:4  | Noticed Bai Suzhen
 44321 | Snake:4  | Killed Bai Suzhen
 44654 | Snake:4  | Found a runed translucent gate.
 44655 | Snake:4  | Found a runed translucent gate.
 44655 | Snake:4  | Noticed ouz's ghost (adept OpGl)
 44656 | Snake:4  | Found a runed translucent gate.
 44658 | Snake:4  | Noticed temujin's ghost (adept DECj)
 45159 | Snake:4  | Reached skill level 24 in Spellcasting
 45241 | Snake:4  | Reached XP level 16. HP: 45/79 MP: 32/46
 46102 | Snake:4  | Got a serpentine rune of Zot
 47316 | Swamp:1  | Entered Level 1 of the Swamp
 47349 | Swamp:1  | Reached skill level 25 in Spellcasting
 47564 | Swamp:1  | Offered knowledge of Plasma Beam by Vehumet.
 50143 | Swamp:2  | Found an ornate altar of the Wu Jian Council.
 50296 | Swamp:2  | Noticed Aizul
 50300 | Swamp:2  | Killed Aizul
 50385 | Swamp:2  | Reached skill level 1 in Earth Magic
 50887 | Swamp:3  | Reached skill level 10 in Dodging
 50887 | Swamp:3  | Reached skill level 26 in Spellcasting
 50893 | Swamp:3  | Reached XP level 17. HP: 66/83 MP: 25/49
 51070 | Swamp:3  | Noticed Jorgrun
 51076 | Swamp:3  | Killed Jorgrun
 51113 | Swamp:3  | Offered knowledge of Maxwell's Capacitive Coupling by
                  | Vehumet.
 51473 | Swamp:4  | Entered Level 4 of the Swamp
 51473 | Swamp:4  | Noticed Donald
 51776 | Swamp:4  | Killed Donald
 51892 | Swamp:4  | Reached skill level 27 in Spellcasting
 51902 | Swamp:4  | Reached skill level 15 in Conjurations
 52392 | Swamp:4  | Reached skill level 5 in Earth Magic
 52442 | Swamp:4  | Got a decaying rune of Zot
 54178 | D:12     | Found a runed translucent door.
 54182 | D:12     | Found a runed translucent door.
 54490 | D:12     | Reached ****** piety under Vehumet
 54897 | D:13     | Offered knowledge of Chain Lightning by Vehumet.
 54897 | D:13     | Offered knowledge of Polar Vortex by Vehumet.
 54897 | D:13     | Offered knowledge of Ignition by Vehumet.
 54908 | D:13     | Reached XP level 18. HP: 88/88 MP: 5/51
 55286 | D:13     | Found a portal to a secret trove of treasure.
 55286 | D:13     | Noticed Kirke
 55596 | D:13     | Killed Kirke
 55713 | D:13     | Found a gate to the Vaults.
 56130 | D:14     | Found a shimmering altar of Xom.
 56186 | D:14     | Noticed Agnes
 56190 | D:14     | Killed Agnes
 57525 | D:14     | Found an iron altar of Okawaru.
 57599 | D:14     | Noticed Josephine
 57604 | D:14     | Killed Josephine
 57722 | D:14     | Identified the +5 chain mail of the Centipede {rPois Regen+
                  | Int-4 Stlth+}
 57756 | D:14     | Identified the +6 spear "Cepruw" {holy, rF+ rN+}
 57758 | D:14     | Identified the +3 quarterstaff "Cizuafo" {antimagic, Will++
                  | Dex+2 Stlth+}
 58328 | D:15     | Entered Level 15 of the Dungeon
 58683 | D:15     | Noticed Louise
 58932 | D:15     | Found a staircase to the Depths.
 59032 | D:15     | Reached skill level 15 in Ice Magic
 59638 | Depths:1 | Entered Level 1 of the Depths
 59864 | Depths:1 | Found a gateway to Hell.
 60187 | Depths:1 | Found a bloodstained altar of Trog.
 60246 | Depths:1 | Found a one-way gateway to a ziggurat.
 60401 | Depths:1 | Noticed a hellephant
 60622 | Depths:1 | Identified the +9 lajatang "Wiwouste" {flame, *Slow rElec
                  | Str+6 Int+3}
 60622 | Depths:1 | Identified the +8 shadow dragon scales "Felub" {Dex+2
                  | Stlth++++}
 60622 | Depths:1 | Noticed a doom hound
 60622 | Depths:1 | Identified the +3 longbow "Jaomm" {heavy, rElec rC++}
 60629 | Depths:1 | HP: 4/88 [deep elf blademaster/the +9 lajatang "Wiwouste"
                  | {flame, *Slow rElec Str+6 Int+3} (1)]
 60629 | Depths:1 | Mangled by a deep elf blademaster

Illustrated notes

Levels and vault maps discovered:
D:1:      erik_arrival_orb_chamber, layout_rooms, dreamdust_mushroom_princess
D:2:      layout_basic, nicolae_ecumenical_lake_church, minmay_nonomino_d4,
          uniq_robin
D:3:      minmay_door_path, layout_loops_ring, st_stairs_14
D:4:      layout_loops_ring, lemuel_crystal_altar, mainiacjoe_overflow_alcove_2,
          minmay_temple_entry_hall, grunt_decor_fettered,
          nicolae_elevator_lobby_asterisk, uniq_grinder
D:5:      layout_loops_ring, nicolae_uskayaw_en_pointe,
          ashenzari_conservatory_becter, mainiacjoe_overflow_brackets,
          nicolae_shop_clearance
D:6:      layout_loops_ring, minmay_ruffians, uniq_edmund, uniq_duvessa
D:7:      layout_loops_ring, old_standard_altar, serial_shops, shop,
          gammafunk_ghost_hive, david_defended_altar_orc, uniq_jeremiah,
          uniq_menkaure
D:8:      layout_cave_pods, erik_lair_island, serial_shops,
          nicolae_shop_peninsula
D:9:      layout_basic, amcnicky_altar_gilded, lightli_temple_of_fire,
          minitemple, minmay_ruined_shrine
D:10:     layout_loops_ring, erik_orc_1
D:11:     nicolae_cairo_tiling_very_big, layout_cave_pools,
          gauntlet_entry_generic, kennysheep_generic_room_13
D:12:     lemuel_insect_pit, layout_rooms, minivault_25_ag,
          nicolae_underground_beach
D:13:     layout_cave_pools, hellmonk_vaults_keyhole,
          nicolae_trove_entry_diagonal, uniq_kirke
D:14:     evilmike_iron_armoury, layout_small_grid, xom_teletrap_fun,
          uniq_agnes, uniq_josephine
D:15:     grunt_enter_depths_giant_problem, layout_loops_ring, minivault_27,
          nrook_guardian_serpent_ordinary, uniq_louise
Temple:   minmay_temple_forest_path
Lair:1:   layout_cave_pods, lemuel_fruit_tree, grunt_megastairs_3
Lair:2:   layout_gridlike, alex1729_snake_entry_snake,
          ebering_ghost_inner_flame, serial_bayou_crossing,
          serial_bayou_shore_a, lemuel_fruit_fields
Lair:3:   layout_long_grid, alex1729_swamp_entry_worm_eleionoma, special_room
          [special_room_mythical_zoo], tgw_fedhas, uniq_nergalle, uniq_amaemon
Lair:4:   layout_cave_pods, slime_entry_2
Lair:5:   hellmonk_lair_end_abyssal_woods, layout_layer_cave,
          grunt_megastairs_2, lemuel_fruit_fields
Swamp:1:  nicolae_swamp_flooded_prison, layout_falls_marsh,
          evilmike_swamp_ruin_rubble_1, nicolae_swamp_fairy_circle
Swamp:2:  layout_basic_swamp, evilmike_swamp_ruin_house_1,
          hangedman_swamp_diagram, swamp_pool4, nicolae_swamp_godswood,
          uniq_aizul
Swamp:3:  nicolae_swamp_decorative_isthmus, layout_basic_swamp,
          hangedman_swamp_ruin_wall, uniq_jorgrun
Swamp:4:  swamp_basic_johnstein, layout_basic_swamp,
          nicolae_swamp_frolicking_bunyips, uniq_donald
Snake:1:  layout_rooms, serial_shops, shop, minmay_shop_grove
Snake:2:  layout_misc_corridors, serial_bayou_shore_b, grunt_megastairs_4
Snake:3:  layout_basic, nicolae_large_snake_swirl, minmay_shoptagon
Snake:4:  johnstein_snake_rune_scales, layout_cave_town,
          gammafunk_ghost_cemetery, grunt_megastairs_1, uniq_asterion,
          uniq_bai_suzhen
Orc:1:    layout_caves
Orc:2:    st_orc_town, layout_diamond_mine, nicolae_orc_pool_cavern,
          lemuel_statue_altar
Depths:1: layout_big_octagon, enter_ziggurat_b, pf_hell_entry_tar_spiral,
          bloody_trog, corexii_corridor_pit, reono_crystal_passage,
          beargit_elvish_explorers, grunt_megastairs_5

Skill      XL: |  1  2  3  4  5  6  7  8  9 10 11 12 13 14 15 16 17 18 |
---------------+-------------------------------------------------------+-----
Conjurations   | 5 6 7 9 10 11 12 13 14 15 16 | 16.0
Spellcasting   | 4 6 8 10 11 13 15 17 19 21 24 26 27 | 27.0
Dodging        | 3 4 5 7 8 10 12 13 | 13.5
Stealth        | 3 5 6 9 |  9.0
Hexes          | 2 3 4 6 |  6.0
Ice Magic      | 1 3 5 6 9 12 16 | 16.4
Air Magic      | 2 4 5 |  5.0
Fighting       | 1 |  1.2
Necromancy     | 4 6 8 11 | 11.0
Fire Magic     | 3 5 |  5.0
Earth Magic    | 1 6 |  6.6

Action                     |  1- 3 |  4- 6 |  7- 9 | 10-12 | 13-15 | 16-18 || total
---------------------------+-------+-------+-------+-------+-------+-------++-------
  Melee: Unarmed           |     3 |     1 |       |     1 |     7 |     1 ||    13
         Staff             |       |       |       |       |       |     6 ||     6
   Cast: Magic Dart        |    73 |    55 |    67 |   201 |   119 |     1 ||   516
         Searing Ray       |     4 |    26 |    85 |    90 |    95 |       ||   300
         Fulminant Prism   |       |       |    32 |    83 |    20 |       ||   135
         Freezing Cloud    |       |       |       |   105 |   165 |     1 ||   271
         Flame Wave        |       |       |       |     1 |     1 |     1 ||     3
         Simulacrum        |       |       |       |       |    86 |   175 ||   261
         Ozocubu's Refrige |       |       |       |       |   186 |   254 ||   440
         Fireball          |       |       |       |       |    36 |    85 ||   121
    Use: Scroll            |       |       |       |    22 |    15 |     3 ||    40
         Potion            |       |       |       |     1 |     6 |     2 ||     9
 Armour: Robe              |     7 |     8 |    21 |       |       |       ||    36
         Steam dragon scal |       |       |     2 |    71 |   111 |    78 ||   262
  Dodge: Dodged            |     5 |    13 |    52 |    84 |   194 |    75 ||   423

Table legend: (Time is in decaauts)
 A = Elapsed time spent in this place.
 B = Non-inter-level travel time spent in this place.
 C = Inter-level travel time spent in this place.
 D = Time resting spent in this place.
 E = Time spent auto-exploring this place.
 F = Levels seen in this place.
 G = Mean time per level.
                   A        B        C        D        E       F      G
               +--------+--------+--------+--------+--------+-----+--------+
         Total |  60733 |  54153 |   6580 |  25967 |  17034 |  32 | 1897.9 |
       Dungeon |  24213 |  21893 |   2320 |   7637 |  10538 |  15 | 1614.2 |
        Temple |     70 |      3 |     67 |      0 |      0 |   1 |   70.0 |
          Lair |  18335 |  16359 |   1976 |  10725 |   3132 |   5 | 3667.0 |
         Swamp |   5610 |   5329 |    281 |   2218 |   1390 |   4 | 1402.5 |
     Snake Pit |   8174 |   6891 |   1283 |   3538 |    784 |   4 | 2043.5 |
  Orcish Mines |   3338 |   3163 |    175 |   1576 |   1190 |   2 | 1669.0 |
        Depths |    990 |    513 |    477 |    272 |      0 |   1 |  990.0 |
               +--------+--------+--------+--------+--------+-----+--------+

Top non-repeatable levels by time:
  Lair:5: 4801 daAuts
  Lair:1: 4155 daAuts
  Lair:3: 4062 daAuts
    D:10: 2892 daAuts
 Swamp:1: 2835 daAuts
     D:8: 2699 daAuts
  Lair:2: 2678 daAuts
  Lair:4: 2637 daAuts
 Snake:3: 2555 daAuts
   Orc:2: 2392 daAuts
     D:9: 2387 daAuts
 Snake:4: 2104 daAuts
    D:14: 2092 daAuts
 Snake:1: 2022 daAuts
     D:5: 1910 daAuts
